 Dungeon Crawl Stone Soup version 0.30-a0-360-g447f08457e (webtiles) character file.

Game seed: 131475383908232558

46 Persephone the Shooter (level 3, -1/20 HPs)
             Began as a Kobold Hexslinger on Nov 14, 2022.
             Slain by a gnoll
             ... wielding a +0 club
              (4 damage)
             ... on level 2 of the Dungeon.
             The game lasted 00:03:19 (1366 turns).

Persephone the Shooter (Kobold Hexslinger)          Turns: 1366, Time: 00:03:19

Health: -1/20      AC:  8    Str:  7    XL:     3   Next: 92%
Magic:  2/4        EV:  9    Int: 14    God:
Gold:   56         SH:  0    Dex: 17    Spells: 3/4 levels left

rFire   + + .      SeeInvis .    a - +1 sling
rCold   x . .      Faith    .    (no shield)
rNeg    . . .      Spirit   .    i - +0 fire dragon scales
rPois   .          Reflect  .    (no helmet)
rElec   .          Harm     .    (no cloak)
rCorr   .          Rampage  .    (no gloves)
Will    .....                    (no boots)
Stlth   +.........               (no amulet)
HPRegen 0.23/turn                (no ring)
MPRegen 0.09/turn                (no ring)

@: no status effects
A: small, no large weapons, nightstalker 3
a: no special abilities


You were on level 2 of the Dungeon.
You visited 1 branch of the dungeon, and saw 2 of its levels.

You collected 56 gold pieces.

Inventory:

Hand Weapons
 a - a +1 sling (weapon)
Armour
 c - a +0 robe
 i - +0 fire dragon scales (worn)
Jewellery
 e - an amulet of faith
Scrolls
 b - a scroll of poison
 d - a scroll of identify {unknown}
 f - 2 scrolls of magic mapping {unknown}
 g - a scroll of fear {unknown}
 h - a scroll of summoning {unknown}


   Skills:
 - Level 1.1 Fighting
 + Level 5.2 Ranged Weapons
 - Level 2.4 Dodging
 - Level 1.1 Spellcasting
 - Level 3.0 Hexes


You had 3 spell levels left.
You knew the following spells:

 Your Spells              Type           Power      Damage    Failure   Level
a - Slow                  Hex            36%        N/A       86%         1

Your spell library contained the following spells:

 Spells                   Type           Power      Damage    Failure   Level
 Inner Flame              Hex/Fire       4%         N/A       100%        3
 Portal Projectile        Hex/Tloc       8%         N/A       100%        3
 Cause Fear               Hex            4%         N/A       100%        4


Dungeon Overview and Level Annotations

Branches:
Dungeon (2/15)

Altars:


Innate Abilities, Weirdness & Mutations

You are small and have problems with some larger weapons.
You are completely attuned to the shadows.


Message History

The sling bullet closely misses the gnoll.
You hear an angry hiss.
A frilled lizard comes into view.
A gnoll comes into view. It is wielding a +0 club.
You shoot a sling bullet. The sling bullet hits the gnoll.
The gnoll is lightly wounded.
A gnoll comes into view. It is wielding a +0 whip.
The gnoll barely misses you.
You shoot a sling bullet. The sling bullet hits the gnoll.
The gnoll is heavily wounded.
The gnoll barely misses you. The gnoll misses you.
You shoot a sling bullet. The sling bullet hits the gnoll.
You kill the gnoll!
The gnoll hits you but does no damage. The gnoll hits you with a +0 club.
The frilled lizard bites you but does no damage.
Your magical contamination has completely faded away.
You miscast Slow.
You are very lightly contaminated with residual magic.
Nothing appears to happen.
The gnoll hits you with a +0 club. The frilled lizard closely misses you.
You shoot a sling bullet. The sling bullet hits the gnoll.
The gnoll is moderately wounded.
The frilled lizard bites you but does no damage.
The gnoll hits you with a +0 whip. The gnoll hits you with a +0 club.
You shoot a sling bullet.
The sling bullet completely misses the gnoll.
The frilled lizard bites you. The gnoll closely misses you.
The gnoll hits you with a +0 club. The gnoll barely misses you.
The gnoll hits you with a +0 club.
* * * LOW HITPOINT WARNING * * *
The frilled lizard bites you but does no damage.
The frilled lizard attacks as you move away!
The frilled lizard bites you.
* * * LOW HITPOINT WARNING * * *
Your magical contamination has completely faded away.
The frilled lizard attacks as you move away!
The frilled lizard bites you but does no damage.
There is a stone staircase leading up here.
The frilled lizard barely misses you. The gnoll hits you with a +0 club.
You die...

### #............†.......#
..####............†[......#
........#####.....>.......#
..####### #.............#
.^.... #.............#
...... #########....#
...... #.............#
)..... #...g..?......#
#..@g...).>...
#...l........$
#######...... #..... ....


You could see 2 gnolls and a frilled lizard.

Vanquished Creatures
  A gnoll (D:2)
  A worm (D:2)
  6 ball pythons
  2 bats (D:1)
  4 endoplasms
  3 giant cockroaches
  4 goblins (D:1)
  2 hobgoblins
  A kobold (D:1)
  2 quokkas
  2 frilled lizards (D:1)
  2 rats (D:1)
30 creatures vanquished.

Vanquished Creatures (others)
  4 plants (D:1)
4 creatures vanquished.

Grand Total: 34 creatures vanquished

Notes
Turn   | Place    | Note
-------+----------+-------------------------------------------
     0 | D:1      | Persephone the Kobold Hexslinger began the quest for the
                  | Orb.
     0 | D:1      | Reached XP level 1. HP: 12/12 MP: 2/2
   106 | D:1      | Reached skill level 3 in Ranged Weapons
   316 | D:1      | Reached XP level 2. HP: 16/16 MP: 1/3
   582 | D:1      | Reached skill level 4 in Ranged Weapons
   753 | D:1      | Reached XP level 3. HP: 20/20 MP: 4/4
  1354 | D:2      | Reached skill level 5 in Ranged Weapons
  1366 | D:2      | Slain by a gnoll

Illustrated notes

Levels and vault maps discovered:
D:1:      saegor_arrival_fortress, layout_loops_ring, serial_bayou,
          serial_bayou_lagoon_a, serial_bayou_lagoon_b, serial_bayou_lake_a,
          serial_bayou_pond_c, grunt_decor_junction, minmay_tall_x
D:2:      minmay_angry_zag, layout_basic,
          dreamdust_ecumenical_altar_hidden_monk_grotto, uniq_sigmund

Skill      XL: |  1  2  3 |
---------------+----------+-----
Ranged Weapons | 3 4 5 |  5.2
Fighting       | |  1.1
Dodging        | |  2.4
Spellcasting   | |  1.1
Hexes          | |  3.0

Action                   || total
-------------------------++-------
 Fire: Sling             ||   104
 Cast: Slow              ||    16
Armor: Robe              ||     8
       Fire dragon scale ||    19
Dodge: Dodged            ||    66

Table legend: (Time is in decaauts)
 A = Elapsed time spent in this place.
 B = Non-inter-level travel time spent in this place.
 C = Inter-level travel time spent in this place.
 D = Time resting spent in this place.
 E = Time spent auto-exploring this place.
 F = Levels seen in this place.
 G = Mean time per level.
                   A        B        C        D        E       F      G
               +--------+--------+--------+--------+--------+-----+--------+
         Total |   1483 |   1476 |      7 |      0 |   1235 |   2 |  741.5 |
       Dungeon |   1483 |   1476 |      7 |      0 |   1235 |   2 |  741.5 |
               +--------+--------+--------+--------+--------+-----+--------+

Top non-repeatable levels by time:
     D:1: 1287 daAuts
     D:2: 196 daAuts
